 Dungeon Crawl Stone Soup version 0.30-a0-972-gf3ab3527aa (webtiles) character file.

Game seed: 17649977286841558972

821 Zdeegee the Slasher (level 7, -1/54 HPs)
             Began as a Demonspawn Gladiator on Mar 31, 2023.
             Was an Initiate of Okawaru.
             Slain by a black bear (6 damage)
             ... on level 5 of the Dungeon.
             The game lasted 00:10:20 (4327 turns).

Zdeegee the Slasher (Demonspawn Gladiator)          Turns: 4327, Time: 00:10:21

Health: -1/54      AC:  9    Str: 16    XL:     7   Next: 63%
Magic:  7/7        EV: 13    Int: 10    God:    Okawaru [......]
Gold:   221        SH:  0    Dex: 14    Spells: 6/6 levels left

rFire   . . .      SeeInvis .    a - +0 long sword
rCold   . . .      Faith    .    (no shield)
rNeg    + . .      Spirit   .    s - +0 leather armour
rPois   +          Reflect  .    r - +2 helmet
rElec   .          Rampage  .    (no cloak)
rCorr   .                        (no gloves)
Will    .....                    j - +0 pair of boots
Stlth   +                        (no amulet)
HPRegen 0.29/turn                v - ring of positive energy
MPRegen 0.20/turn                o - ring of poison resistance

@: no status effects
A: hooves 1, yellow scales 1, magic regeneration
a: Renounce Religion


You were on level 5 of the Dungeon.
You worshipped Okawaru.
Okawaru was noncommittal.
You visited 2 branches of the dungeon, and saw 6 of its levels.

You collected 221 gold pieces.

Inventory:

Hand Weapons
 a - a +0 long sword (weapon)
 b - a +2 antimagic sling
 q - a +2 dagger of protection
 E - a +4 hand axe of venom
 F - the +9 hand axe "Webiut" {holy, rN+ Str+2 SInv Stlth+}
   (You found it on level 5 of the Dungeon)

   Str:       It affects your strength (+2).
   rN:        It protects you from negative energy.
   SInv:      It lets you see invisible.
   Stlth:     It makes you more stealthy.
Missiles
 d - 3 throwing nets (quivered)
Armour
 j - a +0 pair of boots (worn)
 r - a +2 helmet (worn)
 s - a +0 leather armour (worn)
Jewellery
 o - a ring of poison resistance (right hand)
 v - a ring of positive energy (left hand)
 D - a +6 ring of intelligence
Scrolls
 c - 2 scrolls of silence
 h - 4 scrolls of blinking
 i - a scroll of brand weapon {unknown}
 m - 3 scrolls of enchant armour {unknown}
 n - 2 scrolls of magic mapping {unknown}
 p - 4 scrolls of fear {unknown}
 t - 4 scrolls of teleportation {unknown}
 u - a scroll of butterflies {unknown}
 x - a scroll of noise {unknown}
 y - a scroll of fog {unknown}
 A - a scroll of torment {unknown}
Potions
 f - a potion of ambrosia
 g - a potion of resistance
 k - 2 potions of brilliance
 l - a potion of attraction
 w - a potion of heal wounds
 z - a potion of invisibility
 B - a potion of curing
 C - a potion of haste {unknown}


   Skills:
 * Level 4.0 Fighting
 * Level 5.0 Long Blades
 + Level 1.8 Ranged Weapons
 + Level 1.8 Throwing
 * Level 2.6 Armour
 * Level 3.7 Dodging
 + Level 0.2 Stealth
 * Level 2.2 Shields
 * Level 2.1 Evocations


You had 6 spell levels left.
You didn't know any spells.
Your spell library contained the following spells:

 Spells                   Type           Power      Damage    Failure   Level
 Shock                    Conj/Air       0%         1d3       41%         1
 Lesser Beckoning         Tloc           0%         N/A       56%         2
 Dazzling Flash           Conj/Hex       0%         N/A       80%         3
 Gell's Gravitas          Tloc           0%         N/A       80%         3
 Inner Flame              Hex/Fire       0%         N/A       80%         3
 Swiftness                Air            0%         N/A       80%         3
 Teleport Other           Tloc           0%         N/A       80%         3
 Airstrike                Air            0%         2d(0-16)  99%         4
 Cause Fear               Hex            0%         N/A       99%         4
 Olgreb's Toxic Radiance  Pois           0%         N/A       99%         4
 Agony                    Necr           0%         N/A       100%        5
 Silence                  Hex/Air        0%         N/A       100%        5
 Ozocubu's Refrigeration  Ice            0%         4d7       100%        7
 Storm Form               Tmut/Air       0%         N/A       100%        7
 Discord                  Hex            0%         N/A       100%        8
 Ignition                 Fire           0%         3d3       100%        8
 Maxwell's Capacitive Co  Air            0%         ∞         100%        8
 Summon Lightning Spire   Summ/Air       Unusable   N/A       N/A         4

Dungeon Overview and Level Annotations

Branches:
Dungeon (5/15)             Temple (1/1) D:4

Altars:
Cheibriados
Okawaru
Qazlal
Ru
Trog
Uskayaw
Vehumet
Xom


Innate Abilities, Weirdness & Mutations

You have large cloven feet.
You are partially covered in yellow scales. (AC +2)
You regenerate magic rapidly.


Message History

The ogre is heavily wounded.
The ogre completely misses you.
You hit the ogre.
The ogre is severely wounded.
You slash the ogre!
You kill the ogre!
Okawaru accepts your kill.
The black bear bites you but does no damage.
The black bear closely misses you. The black bear completely misses you.
Your Fighting skill increases to level 4!
Your Long Blades skill increases to level 5!
You hit the black bear.
The black bear is lightly wounded.
The black bear barely misses you. The black bear closely misses you. x2
You hit the black bear but do no damage.
The black bear is lightly wounded.
The black bear bites you but does no damage.
The black bear claws you but does no damage. x2
You slash the black bear! You punch the black bear.
The black bear is heavily wounded.
The black bear bites you but does no damage.
The black bear claws you but does no damage. x2
You slash the black bear!
The black bear is almost dead.
The black bear goes berserk!
You barely miss the black bear.
The black bear is almost dead.
The black bear bites you! The black bear barely misses you. x2
The black bear bites you but does no damage.
The black bear claws you but does no damage.
The black bear claws you.
You closely miss the black bear.
The black bear is severely wounded.
The black bear bites you!
* * * LOW HITPOINT WARNING * * *
The black bear claws you but does no damage. x2
The black bear bites you.
* * * LOW HITPOINT WARNING * * *
The black bear claws you.
You die...

#......# #######.#..#.#
#..[.......#.# #<#####.##.#.##
#.# #.##..... #... #.#
#......## #...# #.### ########
#...# ######...# #...#
#..@h....# #######
.####...#####.#####..# #.....#
..............#####..###.....#
#
.............................#
#
..h.....<...†.##.....###.....#
#
##.#..)#.###.##....####.....#
# #.#...#.# #.......#.......##
# #.......# ####...##.#####.#
# ###......:# #............# #


You could see a black bear (berserk).

Vanquished Creatures
  A water moccasin (D:5)
  Pargi (D:4)
  3 ogres
  A scorpion (D:4)
  2 jellies
  An orc priest (D:4)
  An iguana (D:4)
  2 orc wizards (D:4)
  Robin (D:2)
  5 adders
  A worm (D:3)
  3 dart slugs
  7 orcs
  4 bats
  4 endoplasms
  5 giant cockroaches
  17 goblins
  6 hobgoblins
  3 jackals (D:4)
  3 quokkas (D:1)
  12 ball pythons
  2 frilled lizards
  5 kobolds
  2 rats (D:1)
92 creatures vanquished.

Notes
Turn   | Place    | Note
-------+----------+-------------------------------------------
     0 | D:1      | Zdeegee the Demonspawn Gladiator began the quest for the
                  | Orb.
     0 | D:1      | Reached XP level 1. HP: 16/16 MP: 1/1
   121 | D:1      | Gained mutation: You regenerate magic rapidly. [demonic
                  | ancestry]
   121 | D:1      | Reached XP level 2. HP: 21/22 MP: 2/2
   447 | D:1      | Reached skill level 3 in Long Blades
   561 | D:1      | Gained mutation: You are partially covered in yellow
                  | scales. (AC +2) [demonic ancestry]
   561 | D:1      | Reached XP level 3. HP: 24/28 MP: 3/3
  1073 | D:2      | Noticed Robin
  1317 | D:2      | Reached skill level 1 in Armour
  1323 | D:3      | Reached skill level 1 in Shields
  1419 | D:2      | Killed Robin
  1454 | D:2      | Found a faded altar of an unknown god.
  1900 | D:3      | Reached XP level 4. HP: 34/34 MP: 2/4
  2571 | D:4      | Reached skill level 1 in Ranged Weapons
  2652 | D:4      | Found a radiant altar of Vehumet.
  2694 | D:4      | Gained mutation: You have large cloven feet. [demonic
                  | ancestry]
  2694 | D:4      | Reached XP level 5. HP: 9/39 MP: 5/5
  2865 | D:4      | Reached skill level 1 in Evocations
  3023 | D:4      | Reached skill level 4 in Long Blades
  3188 | D:4      | Reached XP level 6. HP: 5/46 MP: 6/6
  3340 | D:4      | Noticed Pargi
  3372 | D:4      | Killed Pargi
  3570 | D:4      | Found a staircase to the Ecumenical Temple.
  3576 | Temple   | Entered the Ecumenical Temple
  3597 | Temple   | Became a worshipper of Warmaster Okawaru
  3791 | D:5      | Entered Level 5 of the Dungeon
  3793 | D:5      | Noticed a water moccasin
  3809 | D:5      | Killed a water moccasin
  3810 | D:5      | Reached XP level 7. HP: 31/53 MP: 7/7
  3976 | D:5      | Identified the +9 hand axe "Webiut" {holy, rN+ Str+2 SInv
                  | Stlth+}
  4322 | D:5      | Reached skill level 5 in Long Blades
  4327 | D:5      | Slain by a black bear

Illustrated notes

Levels and vault maps discovered:
D:1:      nagdon_arrival_zigzag_paths, layout_basic
D:2:      layout_loops_ring, ebering_ecumenical_altar_rust, uniq_robin
D:3:      layout_loops_ring, minmay_randomly_rotated_circles
D:4:      layout_rooms, nicolae_vehumet_radiance, minmay_temple_entry_fiery,
          uniq_pargi
D:5:      layout_loops_cross
Temple:   nicolae_temple_bog_church

Skill      XL: |  1  2  3  4  5  6  7 |
---------------+----------------------+-----
Long Blades    | 3 4 5 |  5.0
Dodging        | 3 |  3.7
Armour         | 1 2 |  2.6
Shields        | 1 2 |  2.2
Ranged Weapons | 1 |  1.8
Evocations     | 1 2 |  2.1
Fighting       | 3 4 |  4.0
Throwing       | |  1.8
Stealth        | |  0.2

Action                     |  1- 3 |  4- 6 |  7- 9 || total
---------------------------+-------+-------+-------++-------
  Melee: Long sword        |   114 |   156 |    32 ||   302
         Punch             |     2 |       |     1 ||     3
   Fire: Sling             |     2 |    22 |     8 ||    32
  Throw: Throwing net      |     1 |       |     1 ||     2
         Javelin           |     1 |     3 |     1 ||     5
    Use: Scroll            |       |     8 |       ||     8
         Potion            |       |     1 |       ||     1
   Stab: Sleeping          |     2 |       |       ||     2
 Armour: Leather armour    |    34 |   114 |    17 ||   165
  Dodge: Dodged            |    98 |   150 |    25 ||   273

Table legend: (Time is in decaauts)
 A = Elapsed time spent in this place.
 B = Non-inter-level travel time spent in this place.
 C = Inter-level travel time spent in this place.
 D = Time resting spent in this place.
 E = Time spent auto-exploring this place.
 F = Levels seen in this place.
 G = Mean time per level.
                   A        B        C        D        E       F      G
               +--------+--------+--------+--------+--------+-----+--------+
         Total |   4406 |   4307 |     99 |    889 |   2466 |   6 |  734.3 |
       Dungeon |   4374 |   4282 |     92 |    889 |   2451 |   5 |  874.8 |
        Temple |     32 |     25 |      7 |      0 |     15 |   1 |   32.0 |
               +--------+--------+--------+--------+--------+-----+--------+

Top non-repeatable levels by time:
     D:4: 1307 daAuts
     D:3: 1178 daAuts
     D:1: 840 daAuts
     D:2: 693 daAuts
     D:5: 355 daAuts
  Temple: 32 daAuts
